 Dungeon Crawl Stone Soup version 0.28-a0-514-g0d7ab7f379 (webtiles) character file.

Game seed: 8377753783904021383

2 meatgazer the Skirmisher (level 1, -6/18 HPs)
             Began as a Demonspawn Abyssal Knight on Sept 22, 2021.
             Was an Initiate of Lugonu.
             Mangled by a worm (11 damage)
             ... on level 2 of the Dungeon.
             The game lasted 00:00:44 (241 turns).

meatgazer the Skirmisher (Demonspawn Abyssal Knight) Turns: 241, Time: 00:00:45

Health: -6/18      AC:  3    Str: 13    XL:     1   Next: 33%
Magic:  2/2        EV: 11    Int: 11    God:    Lugonu [......]
Gold:   0          SH:  0    Dex: 13    Spells: 0/0 levels left

rFire   . . .      SeeInvis .   a - +1 spear
rCold   . . .      Faith    .   (no shield)
rNeg    . . .      Spirit   .   b - +0 leather armour
rPois   .          Reflect  .   (no helmet)
rElec   .          Harm     .   (no cloak)
rCorr   .          Rampage  .   (no gloves)
Will    .....                   (no boots)
Stlth   +.........              (no amulet)
HPRegen 0.06/turn               (no ring)
MPRegen 0.08/turn               (no ring)

@: no status effects
A: no striking features
a: Renounce Religion


You were on level 2 of the Dungeon.
You worshipped Lugonu.
Lugonu was noncommittal.
You visited 1 branch of the dungeon, and saw 2 of its levels.
You visited the Abyss 1 time.

Inventory:

Hand Weapons
 a - a +1 spear (weapon)
Armour
 b - a +0 leather armour (worn)
 f - a +0 plate armour
Wands
 c - a wand of digging (2)
Miscellaneous
 d - a lightning rod (4/4)


   Skills:
 + Level 3.0 Fighting
 + Level 1.7 Polearms
 + Level 2.0 Armour
 + Level 0.8 Dodging
 + Level 2.4 Invocations


You couldn't memorise any spells.
You didn't know any spells.
Your spell library was empty.

Dungeon Overview and Level Annotations

Branches:
Dungeon (2/15)

Altars:


Message History

No target in view!
No target in view!
No target in view!
No target in view!
No target in view!
e - a scroll labelled HORRUU BONIVVAY
As you read the scroll labelled HORRUU BONIVVAY, it crumbles to dust.
You speak a Word of immense power!
You are blasted by holy energy!
It was a scroll of holy word.
Unknown command.
There is a stone staircase leading down here.
You climb downwards.
There is a stone staircase leading up here.
A worm comes into view.
The worm closely misses you.
You barely miss the worm. You hit the worm.
The worm is moderately wounded.
The worm closely misses you.
You hit the worm.
The worm is moderately wounded.
You barely miss the worm.
The worm is moderately wounded.
The worm bites you.
* * * LOW HITPOINT WARNING * * *
You barely miss the worm.
The worm is moderately wounded.
The worm closely misses you.
You completely miss the worm.
The worm is lightly wounded.
You hit the worm.
The worm is moderately wounded.
The worm closely misses you.
You barely miss the worm.
The worm is moderately wounded.
You hit the worm but do no damage.
The worm is moderately wounded.
The worm bites you!
Ouch! That really hurt!
You die...

#####
.... #..#
#w.####..
#@.......
#.#####..
#.# #.#
#.# #<#
........#
#####.#.#
#.#.#


You could see a worm.

Vanquished Creatures
  A dart slug (D:1)
1 creature vanquished.

Notes
Turn   | Place    | Note
-------+----------+-------------------------------------------
     0 | Abyss:1  | meatgazer the Demonspawn Abyssal Knight began the quest for
                  | the Orb.
     0 | Abyss:1  | Reached XP level 1. HP: 18/18 MP: 2/2
    51 | Abyss:3  | Noticed a smoke demon
    51 | D:1      | Escaped the Abyss
   161 | D:1      | Noticed a formicid
   163 | D:1      | Noticed an ogre
   165 | D:1      | Noticed a merfolk
   167 | D:1      | Noticed an elf
   167 | D:1      | Noticed a felid
   169 | D:1      | Noticed a dwarf
   171 | D:1      | Noticed an octopode
   171 | D:1      | Noticed a demonspawn
   173 | D:1      | Noticed a minotaur
   173 | D:1      | Noticed a spriggan
   175 | D:1      | Noticed a demigod
   175 | D:1      | Noticed a vampire
   177 | D:1      | Noticed a human
   177 | D:1      | Noticed a draconian
   179 | D:1      | Noticed a troll
   181 | D:1      | Noticed a tengu
   181 | D:1      | Noticed a gargoyle
   183 | D:1      | Noticed a ghoul
   183 | D:1      | Noticed a naga
   185 | D:1      | Noticed a vine stalker
   241 | D:2      | Mangled by a worm

Illustrated notes

Levels and vault maps discovered:
D:1:      kb_arrival_jail, layout_basic,
          hellmonk_ecumenical_altar_inner_sanctum, minmay_circled_x
D:2:      layout_loops_ring, minmay_statues_item, bh_walls_and_bars,
          uniq_natasha, uniq_jessica, uniq_sigmund

Skill      XL: |  1 |
---------------+----+-----
Armour         | 2 |  2.0
Fighting       | |  3.0
Polearms       | |  1.7
Dodging        | |  0.8
Invocations    | |  2.4

Action                   || total
-------------------------++-------
Melee: Spear             ||    11
Invok: Depart the Abyss  ||     1
  Use: Scroll            ||     1
       Potion            ||     1
Dodge: Dodged            ||     4

Table legend: (Time is in decaauts)
 A = Elapsed time spent in this place.
 B = Non-inter-level travel time spent in this place.
 C = Inter-level travel time spent in this place.
 D = Time resting spent in this place.
 E = Time spent auto-exploring this place.
 F = Levels seen in this place.
 G = Mean time per level.
                   A        B        C        D        E       F      G
               +--------+--------+--------+--------+--------+-----+--------+
         Total |    240 |    240 |      0 |    106 |     70 |   5 |   48.0 |
       Dungeon |    189 |    189 |      0 |    106 |     53 |   2 |   94.5 |
         Abyss |     50 |     50 |      0 |      0 |     17 |   3 |   16.7 |
               +--------+--------+--------+--------+--------+-----+--------+

Top non-repeatable levels by time:
     D:1: 175 daAuts
 Abyss:3: 21 daAuts
 Abyss:2: 18 daAuts
     D:2: 14 daAuts
 Abyss:1: 10 daAuts
